 Dungeon Crawl Stone Soup version 0.27-a0-1119-gbf574a6a6b (webtiles) character file.

Game seed: 18443552285132668813

783 Zeld the Chucker (level 7, -3/48 HPs)
             Began as an Octopode Fighter on May 2, 2021.
             Was an Initiate of Okawaru.
             Slain by an iguana (15 damage)
             ... on level 5 of the Dungeon.
             The game lasted 00:06:44 (6854 turns).

Zeld the Chucker (Octopode Fighter)                 Turns: 6854, Time: 00:06:46

Health: -3/48      AC:  1    Str: 18    XL:     7   Next: 86%
Magic:  7/7        EV: 11    Int: 10    God:    Okawaru [......]
Gold:   27         SH:  9    Dex: 11    Spells: 6/6 levels left

rFire    . . .     SeeInvis .   a - +1 war axe
rCold    . . .     Faith    .   b - +0 kite shield
rNeg     . . .     Spirit   .   (helmet restricted)
rPois    .         Reflect  .   (no amulet)
rElec    .         Harm     .   j - ring of willpower
rCorr    .         Rampage  .   (no ring)
Will     +....                  (no ring)
Stlth    ++........             (no ring)
HPRegen  0.16/turn              (no ring)
MPRegen  0.10/turn              (no ring)
                                (no ring)
                                (no ring)

@: no status effects
A: almost no armour, amphibious, 8 rings, camouflage 1, gelatinous body 1,
(nimble swimmer 1), tentacles
a: Renounce Religion


You were on level 5 of the Dungeon.
You worshipped Okawaru.
Okawaru was noncommittal.
You visited 2 branches of the dungeon, and saw 6 of its levels.

You collected 287 gold pieces.
You spent 260 gold pieces at shops.

Inventory:

Hand Weapons
 a - a +1 war axe (weapon)
Missiles
 n - 3 boomerangs
 p - 8 javelins (quivered)
Armour
 b - a +0 kite shield (worn)
Jewellery
 j - a ring of willpower (left tentacle)
Wands
 m - a wand of mindburst (2)
Scrolls
 d - a scroll of enchant armour
 h - 2 scrolls of teleportation
 i - a scroll of identify
 o - a scroll of summoning
Potions
 c - a potion of might
 e - 2 potions of brilliance
 f - a potion of heal wounds
 g - 2 potions of curing
 l - a potion of resistance {unknown}
 q - 4 potions of flight {unknown}


   Skills:
 - Level 4.0 Fighting
 - Level 4.2 Axes
 * Level 5.8 Throwing
 - Level 3.0 Dodging
 - Level 4.7 Shields


You had 6 spell levels left.
You didn't know any spells.
Your spell library was empty.

Dungeon Overview and Level Annotations

Branches:
Dungeon (5/15)             Temple (1/1) D:4

Altars:
Ashenzari
Cheibriados
Dithmenos
Elyvilon
Fedhas
Gozag
Hepliaklqana
Kikubaaqudgha
Makhleb
Nemelex Xobeh
Okawaru
Qazlal
Ru
Trog
Wu Jian
Yredelemnul
Zin
The Shining One

Shops:
D:1 ?   D:3 ?


Innate Abilities, Weirdness & Mutations

You cannot wear most types of armour.
You are amphibious.
You can wear up to eight rings at the same time.
Your skin changes colour to match your surroundings (Stealth+).
Your rubbery body absorbs attacks. (AC +1, EV +1)
((You are camouflaged near water. (Stealth+)))
You have tentacles for arms and can constrict up to eight enemies at once.


Message History

Found a thick jewelled staff.
There are monsters nearby!
There are monsters nearby!
You hit the scorpion but do no damage. Your grab misses the scorpion.
You block the scorpion's attack.
You hit the scorpion. You grab the scorpion.
You squeeze the scorpion, but do no damage.
The scorpion is moderately wounded.
You constrict the scorpion. You block the scorpion's attack.
The scorpion stings you!
You slash the scorpion!
The scorpion is almost dead.
You constrict the scorpion, but do no damage.
The iguana hisses angrily.
The scorpion completely misses you. You block the scorpion's attack.
You hit the scorpion but do no damage.
The scorpion is almost dead.
You closely miss the iguana. You constrict the scorpion.
You block the scorpion's attack. You block the iguana's attack.
The scorpion stings you!
You slash the scorpion!
You kill the scorpion!
Okawaru accepts your kill.
You closely miss the iguana. You block the iguana's attack.
The iguana bites you.
You slash the iguana! Your grab misses the iguana.
You squeeze the iguana, but do no damage.
The iguana is severely wounded.
You block the iguana's attack.
You closely miss the iguana. Your grab misses the iguana.
Your squeeze misses the iguana.
The iguana is severely wounded.
The iguana bites you.
You closely miss the iguana. You grab the iguana.
The iguana is severely wounded.
You constrict the iguana, but do no damage.
The iguana bites you!
* * * LOW HITPOINT WARNING * * *
The iguana bites you!
You die...

#........#...#....
#.....##[#...#.[.
#.###.###.....#..
# #......>....
#.###.####...###
#.[...# #.##
#####.# ##.##
#.####...###..
#.....@..$....
######.l...#.#
........#
#........#
#|......##
##.....## ##...##
..##


You could see an iguana.

Vanquished Creatures
  Eustachio (D:4)
  A sky beast (D:5)
  An ogre (D:3)
  2 scorpions (D:5)
  A howler monkey (D:4)
  Crazy Yiuf (D:4)
  Jessica (D:3)
  A centaur skeleton (D:4)
  An iguana (D:4)
  Ijyb (D:4)
  An orc wizard (D:4)
  4 adders
  5 dart slugs
  8 orcs
  6 ball pythons
  9 bats
  3 endoplasms
  3 giant cockroaches
  6 goblins
  7 hobgoblins
  4 jackals (D:2)
  10 kobolds
  4 quokkas
  3 frilled lizards
  5 rats
89 creatures vanquished.

Vanquished Creatures (others)
  A frilled lizard (D:1)
  4 fungi (D:4)
  2 plants (D:4)
7 creatures vanquished.

Grand Total: 96 creatures vanquished

Notes
Turn   | Place    | Note
-------+----------+-------------------------------------------
     0 | D:1      | Zeld the Octopode Fighter began the quest for the Orb.
     0 | D:1      | Reached XP level 1. HP: 16/16 MP: 1/1
   117 | D:1      | Found Yple's Magic Scroll Boutique.
   122 | D:1      | Reached XP level 2. HP: 21/21 MP: 2/2
   179 | D:3      | Noticed Jessica
  1046 | D:3      | Killed Jessica
  1047 | D:3      | Reached XP level 3. HP: 12/26 MP: 3/3
  1253 | D:4      | Noticed Eustachio
  1260 | D:4      | Killed Eustachio
  1261 | D:4      | Reached XP level 4. HP: 20/33 MP: 4/4
  1261 | D:4      | Reached XP level 5. HP: 23/37 MP: 5/5
  1480 | D:4      | Found a staircase to the Ecumenical Temple.
  1494 | Temple   | Entered the Ecumenical Temple
  1563 | Temple   | Became a worshipper of Warmaster Okawaru
  2644 | D:1      | Reached XP level 6. HP: 43/43 MP: 6/6
  2678 | D:1      | Bought a scroll of identify for 26 gold pieces
  2847 | D:1      | Bought a scroll of teleportation for 39 gold pieces
  3513 | D:2      | Found a faded altar of an unknown god.
  3739 | D:3      | Found Rebleygu's Magic Scroll Shoppe.
  3747 | D:3      | Bought a scroll of identify for 20 gold pieces
  3747 | D:3      | Bought a scroll of identify for 20 gold pieces
  3747 | D:3      | Bought a scroll of fog for 20 gold pieces
  3837 | D:3      | Found a stormy altar of Qazlal.
  3839 | D:3      | Found a hazy altar of Hepliaklqana.
  4108 | D:3      | Reached skill level 2 in Throwing
  4482 | D:3      | Bought a scroll of enchant armour for 75 gold pieces
  4583 | D:4      | Reached skill level 3 in Throwing
  4583 | D:4      | Reached XP level 7. HP: 48/48 MP: 7/7
  4588 | D:4      | Noticed Ijyb
  4595 | D:4      | Killed Ijyb
  4816 | D:4      | Found a sparkling altar of Nemelex Xobeh.
  4933 | D:5      | Entered Level 5 of the Dungeon
  5079 | D:5      | Reached skill level 4 in Throwing
  5605 | D:4      | Found a glowing golden altar of the Shining One.
  6065 | D:4      | Found a runed translucent door.
  6066 | D:4      | Noticed Crazy Yiuf
  6072 | D:4      | Killed Crazy Yiuf
  6073 | D:4      | Reached skill level 5 in Throwing
  6527 | D:3      | Bought a scroll of teleportation for 30 gold pieces
  6527 | D:3      | Bought a scroll of teleportation for 30 gold pieces
  6854 | D:5      | Slain by an iguana

Illustrated notes

Levels and vault maps discovered:
D:1:      doesnt_arrival_eight_statues, layout_rooms, serial_shops,
          nicolae_shop_trees, dk_noncrumbling_4, minivault_5
D:2:      layout_loops_cross, hellmonk_ecumenical_altar_pennies_from_heaven,
          minmay_misc_feat_pillars
D:3:      layout_loops_ring, jmf_multi_god_temple, serial_shops,
          nicolae_shop_stone, uniq_jessica
D:4:      layout_basic, nemelex_spade_bored_becter, general_overflow_altar,
          minmay_temple_entry_overgrown, uniq_eustachio,
          uniq_crazy_yiuf_cottage, uniq_ijyb
D:5:      layout_loops_ring, nicolae_uskayaw_en_pointe
Temple:   eino_temple_water

Skill      XL: |  1  2  3  4  5  6  7 |
---------------+----------------------+-----
Axes           | 3 4 |  4.2
Shields        | 4 |  4.7
Fighting       | 4 |  4.0
Throwing       | 3 5 |  5.8
Dodging        | |  3.0

Action                   |  1- 3 |  4- 6 |  7- 9 || total
-------------------------+-------+-------+-------++-------
Melee: War axe           |    36 |    95 |    48 ||   179
       Tentacles         |     5 |    16 |    11 ||    32
       Constrict         |     8 |    24 |    14 ||    46
Throw: Javelin           |       |     1 |     5 ||     6
  Use: Potion            |     1 |       |     1 ||     2
       Scroll            |       |     7 |     5 ||    12
 Stab: Sleeping          |     1 |     7 |       ||     8
       Distracted        |       |     1 |       ||     1
Armor: Skin              |     4 |    11 |     2 ||    17
Dodge: Dodged            |    27 |    51 |    12 ||    90
Block: Kite shield       |    25 |    52 |    23 ||   100

Table legend: (Time is in decaauts)
 A = Elapsed time spent in this place.
 B = Non-inter-level travel time spent in this place.
 C = Inter-level travel time spent in this place.
 D = Time resting spent in this place.
 E = Time spent auto-exploring this place.
 F = Levels seen in this place.
 G = Mean time per level.
                   A        B        C        D        E       F      G
               +--------+--------+--------+--------+--------+-----+--------+
         Total |   6957 |   6441 |    516 |   1355 |   4212 |   6 | 1159.5 |
       Dungeon |   6450 |   5978 |    472 |   1355 |   3769 |   5 | 1290.0 |
        Temple |    506 |    462 |     44 |      0 |    443 |   1 |  506.0 |
               +--------+--------+--------+--------+--------+-----+--------+

Top non-repeatable levels by time:
     D:4: 2439 daAuts
     D:2: 1636 daAuts
     D:3: 1004 daAuts
     D:1: 918 daAuts
  Temple: 506 daAuts
     D:5: 451 daAuts
